Map: 캑터스 밸리 - 래더 (공허)

Players

Impact - Winner!

  • Race: Zerg Zerg
  • Spawn Location: 11:00

losira

  • Race: Zerg Zerg
  • Spawn Location: 7:00

Event: IEM XI Katowice - World Championship 2017

VOD

Have the link to the VOD?

Description

Time

  • Played on: Feb. 28, 2017, 7:18 a.m.
  • Length: 7:20

All games in this series

Show
View Real Time Build Order
Export as new Build Order

Impact Zerg - Winner!

Build Orders: Hatch First 

Get SALT Encoding   

  12  0:00  Drone  
  13  0:13  Overlord  
  13  0:17  Drone  
  14  0:32  Drone x2  
  17  0:35  Drone  
  17  0:53  Hatchery  
  17  0:56  Drone  
  17  0:59  Drone  
  17  1:02  Extractor  
  17  1:14  Spawning Pool  
  17  1:18  Drone  
  17  1:21  Drone  
  18  1:29  Drone  
  19  1:40  Overlord  
  19  2:01  Queen, Baneling Nest  
  19  2:03  Spine Crawler, Zergling x4  
  21  2:09  Zergling x2  
  21  2:12  Zergling x2  
  23  2:17  Zergling x2  
  24  2:23  Zergling x2  
  24  2:27  Metabolic Boost  
  25  2:30  Zergling x2  
  26  2:43  Queen  
  26  2:45  Baneling x2  
  22  2:53  Drone x2  
  22  2:58  Zergling x2  
  25  3:05  Zergling x2  
  26  3:07  Zergling x2  
  26  3:09  Zergling x2  
  28  3:24  Baneling x2  
  27  3:31  Overlord  
  27  3:33  Overlord  
  27  3:52  Hatchery  
  27  3:53  Drone  
  27  3:55  Drone  
  28  3:57  Drone  
  28  4:07  Drone  
  28  4:09  Drone  
  26  4:19  Drone  
  24  4:29  Zergling x2  
  24  4:32  Zergling x4  
  24  4:33  Zergling x2, Extractor  
  26  4:43  Queen  
  28  4:50  Drone  
  29  4:54  Drone  
  29  4:58  Baneling  
  29  4:59  Baneling  
  30  5:09  Zergling x8  
  30  5:13  Zergling x2  
  35  5:15  Zergling x2  
  36  5:25  Zergling x2  
  36  5:30  Zergling x2  
  36  5:34  Zergling x2  
  37  5:36  Zergling x4  
  37  5:39  Zergling x2  
  37  5:41  Zergling x2  
  37  5:42  Baneling  
  41  5:46  Zergling x4  
  41  5:48  Baneling  
  41  5:49  Baneling  
  42  5:50  Zergling x2  
  42  5:52  Baneling  
  42  5:54  Overlord  
  42  5:56  Baneling x2  
  42  5:59  Zergling x2  
  42  6:02  Baneling  
  39  6:06  Zergling x2  
  39  6:07  Zergling x2  
  39  6:10  Zergling x2  
  41  6:14  Zergling x2, Baneling x2  
  41  6:17  Zergling x2  
  41  6:19  Zergling x2  
  41  6:24  Zergling x2  
  41  6:25  Baneling  
  42  6:28  Zergling x2  
  42  6:33  Zergling x2  
  42  6:36  Zergling x2  
  42  6:42  Zergling x6  
  42  6:46  Zergling x2  
  42  6:47  Drone  
  42  6:49  Zergling x2  
  42  6:56  Baneling  
  42  6:57  Zergling x2, Baneling  
  42  7:02  Zergling x2  
  42  7:04  Baneling x2  
Show
View Real Time Build Order
Export as new Build Order

losira Zerg 

Build Orders: Pool First, Zergling Baneling 

Get SALT Encoding   

  12  0:00  Drone  
  13  0:12  Extractor  
  12  0:24  Spawning Pool  
  11  0:29  Drone  
  11  0:33  Drone  
  13  0:38  Drone  
  14  0:50  Overlord  
  14  1:11  Queen  
  14  1:12  Zergling x2  
  17  1:18  Metabolic Boost  
  17  1:24  Zergling x2  
  18  1:28  Zergling x2  
  18  1:32  Zergling x2  
  20  1:36  Zergling x2  
  21  1:45  Baneling Nest  
  20  1:50  Zergling x2  
  21  1:57  Overlord  
  21  2:14  Zergling x2  
  22  2:21  Zergling x2  
  22  2:22  Zergling x6  
  26  2:28  Baneling x2  
  26  2:32  Zergling x2  
  27  2:46  Baneling  
  27  2:48  Drone  
  26  2:55  Drone x3  
  29  3:32  Hatchery  
  29  3:33  Drone  
  29  3:49  Baneling x3  
  29  3:56  Overlord  
  29  4:01  Queen  
  28  4:05  Drone  
  28  4:06  Drone  
  28  4:07  Overlord  
  28  4:09  Baneling  
  29  4:10  Overlord  
  27  4:18  Drone  
  27  4:19  Drone  
  28  4:27  Drone  
  28  4:29  Drone  
  28  4:30  Drone x2  
  31  4:37  Baneling  
  30  4:41  Drone  
  30  4:44  Drone  
  32  4:52  Zergling x2  
  33  4:56  Zergling x2  
  33  4:58  Lair  
  34  5:00  Baneling  
  34  5:04  Extractor  
  34  5:05  Zergling x2, Extractor  
  33  5:08  Drone  
  33  5:10  Drone  
  33  5:11  Drone x2  
  37  5:14  Drone  
  37  5:15  Drone x2  
  37  5:16  Drone  
  41  5:25  Roach Warren  
  41  5:26  Zergling x2  
  40  5:29  Zergling x2  
  40  5:35  Zergling x2  
  40  5:38  Zergling x2, Baneling  
  40  5:39  Zergling x2  
  42  5:42  Zergling x2  
  42  5:43  Overlord  
  42  5:46  Zergling x2  
  42  5:47  Zergling x2, Baneling x2  
  42  5:48  Baneling  
  44  5:56  Queen  
  45  5:57  Baneling  
  45  5:58  Zergling x2  
  42  6:05  Roach  
  40  6:12  Zergling x2, Roach  
  40  6:15  Roach  
  40  6:18  Zergling x2  
  42  6:24  Zergling x2  
  43  6:26  Zergling x2  
  43  6:28  Zergling x2  
  43  6:32  Zergling x2  
  44  6:35  Roach  
  30  6:40  Roach  
  27  7:00  Zergling x2  

Tags
 
Add a new tag
Caveats
  • Supply blocks, unpowered buildings, or Contaminate may cause inaccurate times.
  • Supply counts are checked every 10 seconds.